 Dungeon Crawl Stone Soup version 0.28-b1-1-g3c77fb2ed1 (webtiles) character file.

Game seed: 9305234207263840275

157283 Minsecho the Executioner (level 17, -6/172 HPs)
             Began as a Minotaur Fighter on Jan 30, 2022.
             Was the Champion of Okawaru.
             Mangled by a minotaur (11 damage)
             ... on level 4 of the Shoals.
             The game lasted 01:19:05 (32580 turns).

Minsecho the Executioner (Minotaur Fighter)        Turns: 32580, Time: 01:19:06

Health: -6/172     AC: 37    Str: 37    XL:     17   Next: 12%
Magic:  16/16      EV: 15    Int:  1    God:    Okawaru [******]
Gold:   1596       SH: 18    Dex: 11    Spells: 16/16 levels left

rFire   . . .      SeeInvis +   a - +1 war axe (venom)
rCold   . . .      Faith    .   U - +0 kite shield
rNeg    + + +      Spirit   .   t - +11 plate armour "Esmen Xede" {rElec Str+6}
rPois   .          Reflect  +   Q - +0 hat "Zidimo" {Regen+}
rElec   +          Harm     .   L - +2 cloak
rCorr   .          Rampage  .   n - +2 pair of gloves of Taocso {Fly rN+++ Dex-2}
Will    +....                   D - +0 pair of boots
Stlth   ..........              b - amulet "Buwaogojao" {Reflect Str+9 Int-4 Dex-4 SH+5 SInv}
HPRegen 1.18/turn               E - +4 ring of evasion
MPRegen 0.15/turn               z - +4 ring of slaying

@: lethally poisoned (-6 -> -9), afraid, flying
A: horns 2, retaliatory headbutt
a: Renounce Religion, Heroism, Finesse, Duel


You were on level 4 of the Shoals.
You worshipped Okawaru.
Okawaru was exalted by your worship.
You visited 3 branches of the dungeon, and saw 25 of its levels.
You also visited: Bailey, Gauntlet and Ice Cave.

You collected 2220 gold pieces.
You spent 624 gold pieces at shops.

Inventory:

Hand Weapons
 a - a +1 war axe of venom (weapon)
 M - a +2 scimitar of flaming
Missiles
 l - 7 throwing nets
Armour
 n - the +2 pair of gloves of Taocso (worn) {Fly rN+++ Dex-2}
   (You found it on level 2 of the Dungeon)

   Dex:       It affects your dexterity (-2).
   rN:        It renders you almost immune to negative energy.
   Fly:       It grants you flight.
 t - the +11 plate armour "Esmen Xede" (worn) {rElec Str+6}
   (Okawaru gifted it to you on level 3 of the Lair of Beasts)

   Str:       It affects your strength (+6).
   rElec:     It insulates you from electricity.
 D - a +0 pair of boots (worn)
 L - a +2 cloak (worn)
 Q - the +0 hat "Zidimo" (worn) {Regen+}
   (Okawaru gifted it to you on level 15 of the Dungeon)

   Regen:     It increases your rate of health regeneration.
 U - a +0 kite shield (worn)
Jewellery
 b - the amulet "Buwaogojao" (around neck) {Reflect Str+9 Int-4 Dex-4 SH+5 SInv}
   (You acquired it in a bailey)

   [amulet of reflection]

   It reflects blocked missile attacks.
   Str:       It affects your strength (+9).
   Int:       It affects your intelligence (-4).
   Dex:       It affects your dexterity (-4).
   SInv:      It lets you see invisible.
   SH:        It affects your SH (+5).
 r - a ring of resist corrosion
 v - a ring of protection from fire
 y - a ring of poison resistance
 z - a +4 ring of slaying (right hand)
 C - a ring of protection from fire
 E - a +4 ring of evasion (left hand)
Wands
 f - a wand of flame (26) (quivered)
 P - a wand of iceblast (2)
 W - a wand of paralysis (2)
 Y - a wand of mindburst (10)
 Z - a wand of digging (7)
Scrolls
 c - 4 scrolls of immolation
 g - a scroll of blinking
 i - 12 scrolls of teleportation
 k - a scroll of torment {unknown}
 o - 6 scrolls of enchant weapon
 q - 7 scrolls of enchant armour
 B - a scroll of identify
 F - 3 scrolls of fear
 I - 4 scrolls of fog
 K - 2 scrolls of holy word
 O - a scroll of silence {unknown}
 R - a scroll of brand weapon
 T - 6 scrolls of magic mapping
Potions
 d - 8 potions of might
 e - 3 potions of cancellation
 j - 3 potions of lignification
 m - a potion of ambrosia
 p - 4 potions of heal wounds
 u - a potion of berserk rage
 A - a potion of resistance
 G - 3 potions of magic
 H - a potion of mutation
 J - a potion of experience {unknown}
 N - 9 potions of curing
 S - 3 potions of haste
 X - 3 potions of attraction
Miscellaneous
 h - a phial of floods


   Skills:
 + Level 20.6 Fighting
 - Level 4.0 Long Blades
 + Level 21.2 Axes
 + Level 16.2 Armour
 + Level 9.5 Dodging
 + Level 4.3 Stealth
 - Level 15.0 Shields
 + Level 0.4 Invocations
 + Level 3.1 Evocations


You had 16 spell levels left.
You didn't know any spells.
Your spell library contained the following spells:

 Spells                   Type           Power      Damage    Failure   Level
 Beastly Appendage        Tmut           0%         N/A       99%         1
 Foxfire                  Conj/Fire      0%         2x1d4     99%         1
 Pain                     Necr           0%         1d4       99%         1
 Ensorcelled Hibernation  Hex/Ice        0%         N/A       100%        2
 Passwall                 Tmut/Erth      0%         N/A       100%        2
 Wereblood                Tmut           0%         N/A       100%        2
 Conjure Flame            Conj/Fire      0%         6-21      100%        3
 Gell's Gravitas          Tloc           0%         N/A       100%        3
 Inner Flame              Hex/Fire       0%         N/A       100%        3
 Lesser Beckoning         Tloc           0%         N/A       100%        3
 Spider Form              Tmut/Pois      0%         N/A       100%        3
 Swiftness                Air            0%         N/A       100%        3
 Teleport Other           Tloc           0%         N/A       100%        3
 Vampiric Draining        Necr           0%         2d6       100%        3
 Flame Wave               Conj/Fire      0%         2d4       100%        4
 Hailstorm                Conj/Ice       0%         3d3       100%        4
 Leda's Liquefaction      Hex/Erth       0%         N/A       100%        4
 Petrify                  Tmut/Erth      0%         N/A       100%        4
 Alistair's Intoxication  Tmut/Pois      0%         N/A       100%        5
 Borgnjor's Vile Clutch   Necr/Erth      0%         N/A       100%        5
 Lee's Rapid Deconstruct  Erth           0%         3d5*      100%        5
 Metabolic Englaciation   Hex/Ice        0%         N/A       100%        5
 Eringya's Noxious Bog    Tmut/Pois      0%         N/A       100%        6
 Statue Form              Tmut/Erth      0%         N/A       100%        6
 Animate Skeleton         Necr           Unusable   N/A       N/A         1
 Summon Ice Beast         Ice/Summ       Unusable   N/A       N/A         4
 Summon Mana Viper        Hex/Summ       Unusable   N/A       N/A         5
 Monstrous Menagerie      Summ           Unusable   N/A       N/A         7

Dungeon Overview and Level Annotations

Branches:
Dungeon (15/15)            Temple (0/1) D:7            Lair (6/6) D:8
 Shoals (4/4) Lair:3        Snake (0/4) Lair:3        Slime (0/5) Lair:6
    Orc (0/2) D:11         Vaults (0/5) D:13         Depths (0/4) D:15
 Bailey (visited)           IceCv (visited)         Gauntlet (visited)

Altars:
Ashenzari
Elyvilon
Gozag
Kikubaaqudgha
Okawaru
Sif Muna
Uskayaw
Wu Jian
Xom
Yredelemnul
Beogh
Jiyva

Shops:
D:13 !

Portals:
Trove: D:12 (give 14 scrolls of teleportation)

Annotations:
Lair:4 exclusion: oklob plant
Lair:6 1 runed translucent door
Shoals:1 Roxanne


Innate Abilities, Weirdness & Mutations

You have a pair of horns on your head.
You reflexively headbutt those who attack you in melee.


Message History

You fall asleep.
The minotaur hits you with a +2 trident of venom!!!
You wake up.
You are more poisoned.
The minotaur gores you but does no damage.
You hit the minotaur but do no damage.
The minotaur looks as sick as possible!
The minotaur is heavily wounded.
You closely miss the satyr.
You feel extremely sick.
The satyr hits you from afar with a +0 spear.
Unknown command.
You slash the minotaur! Your headbutt misses the minotaur.
The minotaur is severely wounded.
You slash the satyr!
You feel very sick.
The satyr shoots a sling bullet.
The sling bullet hits you!
* * * LOW HITPOINT WARNING * * *
The minotaur misses you.
The minotaur gores you but does no damage.
You block the satyr's attack.
You feel very sick.
The satyr shoots a sling bullet.
The sling bullet hits you but does no damage.
The minotaur throws a javelin.
The javelin pierces through you!
* * * LOW HITPOINT WARNING * * *
You feel very sick.
The satyr plays a lulling melody on his pipes!
You fall asleep.
You feel very sick.
The satyr shoots a sling bullet.
The sling bullet hits you.
You wake up.
* * * LOW HITPOINT WARNING * * *
You block the minotaur's attack. The snapping turtle closely misses you.
There is a stone staircase leading up here.
You feel very sick.
The satyr plays a frightful melody on his pipes!
The satyr radiates an aura of fear!
The satyr unwields a +0 spear.
The satyr wields a +0 longbow.
The satyr shoots an arrow.
The arrow hits you!
* * * LOW HITPOINT WARNING * * *
The minotaur hits you from afar with a +2 trident of venom!
You die...

..#.≈≈.##≈...#...≈≈≈≈≈≈≈
..#.≈..##≈...##.P≈≈≈≈≈≈≈#
..#)≈...'≈.....P.≈≈≈≈≈≈≈#
..#≈≈...+≈.....P.≈≈≈≈≈≈≈#
#.#≈..####......P≈≈≈≈≈≈≈#
..(..#).(.##....<≈≈≈≈≈≈≈#
..)).'(.[....≈(..≈≈≈≈≈≈≈#
..8≈≈##(...)..t..≈≈≈≈≈≈≈#
..#...).#.#(.)H.@≈≈≈≈≈≈≈#
..#.....+(...cc.[≈≈≈≈≈≈≈#
.(#.....+≈.)).<..≈≈≈≈≈≈≈#
..#....##≈...##..≈≈≈≈≈≈≈#
..#......≈...##P.≈≈≈≈≈≈≈#
.##....#.≈...P...≈≈≈≈≈≈≈#
####...##≈..P...≈≈≈≈≈≈≈≈#
.. #...##≈≈≈...≈≈≈≈≈≈≈≈≈#
.##. #≈≈≈≈≈≈≈≈≈≈≈≈≈≈≈≈


You could see a minotaur (extremely poisoned), 2 satyrs and a snapping turtle.

Vanquished Creatures
  A sphinx (Shoals:4)
  A kraken (Shoals:2)
  Donald (Lair:3)
  Aizul (Lair:3)
  An orc warlord (D:7)
  Nessos (Lair:5)
  3 minotaurs
  2 merfolk javelineers
  5 merfolk impalers
  A fire dragon (Lair:6)
  The ghost of Uwkeq the Cleaver, a journeyman MiFi (D:12)
  9 hydras
  2 ogre magi
  4 merfolk avatars
  4 boulder beetles
  Erica (D:11)
  8 two-headed ogres
  2 alligator snapping turtles
  4 centaur warriors
  2 catoblepae
  The ghost of DemonSlayer the Thaumaturge, a journeyman DECj of Ashenzari (D:11)
  A dancing weapon (D:12)
  10 satyrs
  4 merfolk aquamancers
  3 tengu warriors
  Urug (Lair:1)
  5 death yaks (Lair:1)
  2 soul eaters (Gauntlet)
  10 skeletal warriors
  A fire crab (Lair:6)
  11 sea snakes
  A lindwurm (Lair:3)
  An orange crystal statue (Gauntlet)
  2 swamp dragons (Lair:5)
  A wizard (D:15)
  17 harpies
  A deep elf zephyrmancer (D:12)
  4 orc knights
  2 deep elf pyromancers
  A necromancer (D:15)
  7 ugly things
  15 manticores
  30 fauns
  3 orc sorcerers (D:15)
  5 cyclopes
  4 oklob plants (Lair:4)
  A salamander (shapeshifter) (D:15)
  7 merfolk sirens
  11 black mambas
  7 elephants
  7 water nymphs
  2 molten gargoyles (Lair:6)
  A torpor snail (Lair:5)
  An unseen horror (D:12)
  An unseen horror (shapeshifter) (D:15)
  17 cane toads
  A rime drake (shapeshifter) (D:14)
  4 kobold demonologists
  3 centaur skeletons (D:15)
  2 ice devils (D:12)
  2 rime drakes
  5 komodo dragons
  3 yaktaurs (D:15)
  A tengu conjurer (D:14)
  3 meliai (Shoals:1)
  A wind drake (Shoals:2)
  5 trolls
  7 blink frogs
  27 merfolk
  2 polar bears (Lair:5)
  4 hornets
  11 snapping turtles
  13 dream sheep
  A spriggan (D:12)
  Sigmund (D:6)
  14 yaks
  7 wyverns
  16 water elementals
  5 shadows
  A basilisk (shapeshifter) (D:15)
  A human (D:12)
  8 basilisks
  2 steam dragons
  8 vampire mosquitoes
  A redback simulacrum (D:15)
  4 nagas (Lair:3)
  14 water moccasins
  A warg (D:15)
  5 hell hounds (Lair:6)
  A swamp drake (D:11)
  A hornet zombie (D:6)
  13 orc warriors
  A sky beast (D:6)
  3 ice beasts
  4 ogres
  3 black bears
  4 necrophages
  5 boggarts
  14 wolves
  6 centaurs
  A phantom (D:7)
  8 kobold brigands
  A gnoll sergeant (D:11)
  15 bullfrogs
  2 cane toad simulacra (IceCv)
  4 scorpions
  2 water moccasin skeletons (D:7)
  18 killer bees
  9 wights
  3 electric eels
  5 howler monkeys
  A crimson imp (D:9)
  A bullfrog zombie (D:5)
  4 centaur zombies
  5 lava snakes (Lair:6)
  6 orc priests
  Crazy Yiuf (D:3)
  3 iguanas
  A bullfrog skeleton (D:5)
  12 orc wizards
  14 hell rats
  A wolf simulacrum (IceCv)
  A killer bee zombie (D:7)
  2 hound skeletons (D:4)
  5 howler monkey zombies
  8 gnolls
  8 adders
  7 shadow imps
  A white imp (D:9)
  An adder zombie (D:4)
  3 worms (D:2)
  4 dart slugs
  50 orcs
  9 ball pythons
  3 bats
  12 endoplasms
  3 giant cockroaches
  4 goblins
  18 hobgoblins
  8 jackals
  4 quokkas
  3 frilled lizards
  35 kobolds
  7 rats
  A tentacle (Shoals:2)
804 creatures vanquished.

Vanquished Creatures (others)
  A kobold brigand (D:13)
  An orc (D:13)
  A quokka (D:3)
  24 fungi
  74 plants
  6 tentacles (Shoals:2)
107 creatures vanquished.

Grand Total: 911 creatures vanquished

Notes
Turn   | Place    | Note
-------+----------+-------------------------------------------
     0 | D:1      | Minsecho the Minotaur Fighter began the quest for the Orb.
     0 | D:1      | Reached XP level 1. HP: 19/19 MP: 0/0
   138 | D:1      | Reached XP level 2. HP: 11/27 MP: 1/1
  1081 | D:1      | Reached XP level 3. HP: 34/34 MP: 2/2
  1197 | D:2      | Found a faded altar of an unknown god.
  1242 | D:2      | Identified the +2 pair of gloves of Taocso {Fly rN+++
                  | Dex-2}
  1381 | D:2      | Reached skill level 3 in Axes
  1418 | D:2      | Reached skill level 1 in Dodging
  1686 | D:2      | Found an ornate altar of the Wu Jian Council.
  1811 | D:2      | Reached XP level 4. HP: 40/41 MP: 3/3
  2403 | D:3      | Identified the +4 ring mail "Fayj Fed" {Fly}
  2594 | D:3      | Reached XP level 5. HP: 43/47 MP: 4/4
  2636 | D:3      | Found a runed translucent door.
  2637 | D:3      | Noticed Crazy Yiuf
  2834 | D:3      | Reached skill level 4 in Axes
  2930 | D:3      | Reached skill level 5 in Armour
  3137 | D:3      | Killed Crazy Yiuf
  3377 | D:4      | Reached XP level 6. HP: 21/55 MP: 5/5
  3589 | D:4      | Reached skill level 5 in Fighting
  3605 | D:4      | Found an iron altar of Okawaru.
  3695 | D:4      | Became a worshipper of Warmaster Okawaru
  3708 | D:4      | Reached skill level 5 in Axes
  3897 | D:4      | Reached XP level 7. HP: 61/61 MP: 6/6
  4057 | D:4      | Reached skill level 6 in Axes
  4221 | D:4      | Found an ancient bone altar of Kikubaaqudgha.
  4324 | D:5      | Entered Level 5 of the Dungeon
  4338 | D:5      | Reached * piety under Okawaru
  4606 | D:5      | Found a broken altar of Ashenzari.
  4617 | D:5      | Reached skill level 7 in Axes
  4620 | D:5      | Found a hide-covered altar of Uskayaw.
  5261 | D:6      | Reached ** piety under Okawaru
  5262 | D:6      | Reached skill level 1 in Stealth
  5262 | D:6      | Reached XP level 8. HP: 57/69 MP: 7/7
  5315 | D:6      | Reached skill level 8 in Axes
  5445 | D:6      | Reached skill level 5 in Shields
  5632 | D:6      | Noticed Sigmund
  5643 | D:6      | Killed Sigmund
  5644 | D:6      | Reached skill level 9 in Axes
  6476 | D:7      | Reached XP level 9. HP: 69/78 MP: 8/8
  6497 | D:7      | Reached skill level 10 in Axes
  6501 | D:7      | Found a flagged portal.
  6510 | Bailey   | Entered a bailey
  6529 | Bailey   | Noticed an orc warlord
  6578 | Bailey   | Acquired the amulet "Buwaogojao" {Reflect Str+9 Int-4 Dex-4
                  | SH+5 SInv}
  6684 | Bailey   | Found a runed translucent gate.
  6686 | Bailey   | Found a runed translucent gate.
  6744 | Bailey   | Noticed an orc knight
  6764 | Bailey   | Killed an orc knight
  6764 | Bailey   | Reached *** piety under Okawaru
  6965 | Bailey   | Found a runed translucent gate.
  7150 | D:6      | Acquired a manual of Fighting
  7271 | D:8      | Reached skill level 11 in Axes
  7354 | D:8      | Found a staircase to the Lair.
  7359 | D:8      | Reached skill level 5 in Dodging
  7672 | D:9      | Found a white marble altar of Elyvilon.
  7760 | D:9      | Found a basalt altar of Yredelemnul.
  7950 | D:9      | Noticed a troll
  7958 | D:9      | Killed a troll
  8123 | D:9      | Reached **** piety under Okawaru
  8129 | D:9      | Noticed a two-headed ogre
  8130 | D:9      | Found a transporter.
  8139 | D:9      | Noticed a kobold demonologist
  8146 | D:9      | Reached XP level 10. HP: 90/90 MP: 9/9
  8280 | D:9      | Found a shimmering blue altar of Sif Muna.
  8443 | D:9      | Found a transporter.
  8468 | D:9      | Paralysed by a hornet for 2 turns
  8471 | D:9      | Reached skill level 12 in Axes
  8967 | D:9      | You are sucked into a shaft and drop 3 floors!
  8980 | D:12     | Found a portal to a secret trove of treasure.
  9013 | D:12     | Noticed a deep elf zephyrmancer
  9030 | D:12     | Killed a deep elf zephyrmancer
  9122 | D:12     | Noticed a boulder beetle
  9183 | D:12     | Killed a boulder beetle
  9183 | D:12     | Reached ***** piety under Okawaru
  9184 | D:12     | Reached skill level 13 in Axes
  9184 | D:12     | Reached skill level 1 in Evocations
  9201 | D:12     | Found a frozen archway.
  9429 | IceCv    | Entered an ice cave
  9429 | IceCv    | Noticed a white ugly thing
  9441 | IceCv    | Killed a white ugly thing
  9442 | IceCv    | Reached skill level 10 in Fighting
  9679 | IceCv    | Found a transporter.
  9683 | IceCv    | Noticed a white ugly thing
  9687 | IceCv    | Noticed an ice statue
  9687 | IceCv    | Noticed an ice statue
  9696 | IceCv    | Found a transporter.
  9785 | D:12     | Reached XP level 11. HP: 99/99 MP: 10/10
  9931 | D:11     | Found a runed translucent gate.
  9932 | D:11     | Found a runed translucent gate.
  9933 | D:11     | Found a runed translucent gate.
  9951 | D:11     | Noticed DemonSlayer's ghost (journeyman DECj)
  9970 | D:11     | Reached ****** piety under Okawaru
 10276 | D:11     | Found a staircase to the Orcish Mines.
 10286 | D:11     | Received a gift from Okawaru
 10382 | D:11     | Noticed a white ugly thing
 10391 | D:11     | Killed a white ugly thing
 10550 | D:11     | Noticed Erica
 10561 | D:11     | Killed Erica
 10562 | D:11     | Reached skill level 14 in Axes
 10865 | D:11     | Found an opulent altar of Gozag.
 11078 | D:10     | Entered Level 10 of the Dungeon
 11453 | D:10     | Got the Volume of Snow and the Rocks
 13088 | D:11     | Killed DemonSlayer's ghost
 13439 | D:12     | Found a runed translucent door.
 13439 | D:12     | Found a shimmering altar of Xom.
 13439 | D:12     | Noticed Uwkeq's ghost (journeyman MiFi)
 13439 | D:12     | Noticed a +2 trident of chaos
 13443 | D:12     | Found the +15 Maxwell's patent armour {-Cast -Tele rElec
                  | Will+ rCorr}
 13487 | D:12     | Noticed a deep elf pyromancer
 13500 | D:12     | Killed a deep elf pyromancer
 13653 | Lair:1   | Entered Level 1 of the Lair of Beasts
 13766 | Lair:1   | Noticed a death yak
 13774 | Lair:1   | Noticed a death yak
 13793 | Lair:1   | Killed a death yak
 13793 | Lair:1   | Received a gift from Okawaru
 13855 | Lair:1   | Noticed a death yak
 13858 | Lair:1   | Noticed a death yak
 13861 | Lair:1   | Noticed a death yak
 13873 | Lair:1   | Killed a death yak
 13883 | Lair:1   | Killed a death yak
 13884 | Lair:1   | Reached XP level 12. HP: 58/112 MP: 11/11
 13887 | Lair:1   | Killed a death yak
 13888 | Lair:1   | Reached skill level 15 in Axes
 13888 | Lair:1   | Reached skill level 10 in Shields
 13892 | Lair:1   | Killed a death yak
 14571 | Lair:1   | Noticed Urug
 14579 | Lair:1   | Killed Urug
 15576 | Lair:2   | You are sucked into a shaft and drop 1 floor!
 15638 | Lair:3   | Noticed a four-headed hydra
 15651 | Lair:3   | Killed a two-headed hydra
 15850 | Lair:3   | Reached skill level 16 in Axes
 15944 | Lair:3   | Identified the +11 plate armour "Esmen Xede" {rElec Str+6}
                  | (Okawaru gifted it to you on level 3 of the Lair of Beasts)
 15944 | Lair:3   | Received a gift from Okawaru
 16077 | Lair:3   | Found a staircase to the Shoals.
 16172 | Lair:3   | Found a staircase to the Snake Pit.
 16494 | Lair:4   | Identified the +5 rapier "Aruucka" {holy, Drain rPois rF+
                  | MP+9}
 16829 | Lair:4   | Reached XP level 13. HP: 110/123 MP: 12/12
 17209 | Lair:4   | Identified the ring "Soar" {*Corrode rElec Will+ Dex+4}
 17443 | Lair:5   | Found a transporter.
 17462 | Lair:5   | Reached skill level 10 in Armour
 17529 | Lair:5   | Found a gate leading to a gauntlet.
 17538 | Gauntlet | Entered a Gauntlet
 17538 | Gauntlet | Found a transporter.
 17539 | Gauntlet | Found a runed translucent gate.
 17539 | Gauntlet | Found a runed translucent gate.
 17540 | Gauntlet | Found a runed translucent gate.
 17545 | Gauntlet | Found a transporter.
 17548 | Gauntlet | Found a transporter.
 17549 | Gauntlet | Found a transporter.
 17562 | Gauntlet | Found a transporter.
 17562 | Gauntlet | Found a transporter.
 17563 | Gauntlet | Found a transporter.
 17573 | Gauntlet | Found a transporter.
 17575 | Gauntlet | Found a transporter.
 17576 | Gauntlet | Found a transporter.
 17584 | Gauntlet | Found a transporter.
 17587 | Gauntlet | Found a transporter.
 17588 | Gauntlet | Found a transporter.
 17599 | Gauntlet | Found a transporter.
 17968 | Gauntlet | Identified the +4 lajatang "Xaff" {vorpal, rElec rF+ Int-3}
 17968 | Gauntlet | Identified the +5 shortbow of Glory {vorpal, Int+4 SInv}
 17968 | Gauntlet | Noticed a minotaur
 17977 | Gauntlet | Killed a minotaur
 17978 | Gauntlet | Reached skill level 1 in Long Blades
 18026 | Lair:5   | Received a gift from Okawaru
 18137 | Lair:5   | Noticed Nessos
 18156 | Lair:5   | Killed Nessos
 18373 | Lair:5   | Found a runed translucent door.
 18622 | Lair:5   | Found a transporter.
 19146 | Lair:5   | Reached skill level 15 in Fighting
 19155 | Lair:5   | Received a gift from Okawaru
 19439 | Lair:6   | Entered Level 6 of the Lair of Beasts
 19500 | Lair:6   | Reached skill level 17 in Axes
 19779 | Lair:6   | Reached XP level 14. HP: 111/135 MP: 13/13
 19781 | Lair:6   | Received a gift from Okawaru
 20794 | Lair:6   | Found a large runed translucent door.
 20794 | Lair:6   | Found a large runed translucent door.
 20810 | Lair:6   | Reached skill level 15 in Shields
 20969 | Lair:6   | Found a runed translucent door.
 20969 | Lair:6   | Noticed an acid blob
 20970 | Lair:6   | Found a viscous altar of Jiyva.
 20971 | Lair:6   | Found a staircase to the Slime Pits.
 21317 | Lair:6   | Identified the +1 cloak of Defence {rCorr Int+4 Dex+6
                  | Slay-3}
 22647 | D:12     | Killed Uwkeq's ghost
 22647 | D:12     | Identified the +1 scale mail of Mumblety Peg {+Blink rF+
                  | Dex+4} (Okawaru gifted it to you on level 12 of the
                  | Dungeon)
 22647 | D:12     | Received a gift from Okawaru
 22891 | D:9      | Identified the amulet of Wubeuph {Faith Regen+}
 23684 | D:7      | Killed an orc warlord
 23811 | D:7      | Found a staircase to the Ecumenical Temple.
 24355 | D:13     | Reached skill level 18 in Axes
 24766 | D:13     | Found a gate to the Vaults.
 25191 | D:13     | Found Vorotaass's Distillery.
 25200 | D:13     | Bought a potion of haste for 130 gold pieces
 25200 | D:13     | Bought a potion of heal wounds for 65 gold pieces
 25200 | D:13     | Bought a potion of haste for 130 gold pieces
 25200 | D:13     | Bought a potion of heal wounds for 65 gold pieces
 25200 | D:13     | Bought a potion of curing for 39 gold pieces
 25200 | D:13     | Bought a potion of curing for 39 gold pieces
 25200 | D:13     | Bought a potion of might for 52 gold pieces
 25200 | D:13     | Bought 2 potions of might for 104 gold pieces
 25544 | D:14     | Identified the +2 great sword of Perversion {chaos, Int+2}
 25888 | D:14     | Received a gift from Okawaru
 25908 | D:14     | Reached XP level 15. HP: 147/147 MP: 14/14
 26272 | D:15     | Entered Level 15 of the Dungeon
 26917 | D:15     | Identified the +2 helmet "Qoxkoix" {SInv}
 26951 | D:15     | Identified the +0 hat "Zidimo" {Regen+} (Okawaru gifted it
                  | to you on level 15 of the Dungeon)
 26951 | D:15     | Received a gift from Okawaru
 27180 | D:15     | Found a staircase to the Depths.
 27565 | D:15     | Reached skill level 19 in Axes
 28051 | Shoals:1 | Entered Level 1 of the Shoals
 28181 | Shoals:1 | Noticed Roxanne
 28184 | Shoals:1 | Noticed Aizul
 28184 | Shoals:1 | Noticed Donald
 28362 | Lair:3   | Killed Donald
 28373 | Lair:3   | Killed Aizul
 29258 | Shoals:1 | Found a hide-covered altar of Uskayaw.
 29851 | Shoals:2 | Reached XP level 16. HP: 151/159 MP: 15/15
 29891 | Shoals:2 | Identified the +0 plate armour of Disaster {Rampage rCorr
                  | Dex+3} (Okawaru gifted it to you on level 2 of the Shoals)
 29891 | Shoals:2 | Received a gift from Okawaru
 30168 | Shoals:2 | Reached skill level 20 in Axes
 30317 | Shoals:2 | Reached skill level 15 in Armour
 30508 | Shoals:2 | Noticed a kraken
 30518 | Shoals:2 | Killed a kraken
 31451 | Shoals:3 | Received a gift from Okawaru
 31929 | Shoals:4 | Entered Level 4 of the Shoals
 31979 | Shoals:4 | Found the +4 Cigotuvi's embrace {rMiasma Drain rN+}
 32206 | Shoals:4 | Reached skill level 21 in Axes
 32271 | Shoals:4 | Noticed a sphinx
 32294 | Shoals:4 | Killed a sphinx
 32295 | Shoals:4 | Reached XP level 17. HP: 96/171 MP: 16/16
 32300 | Shoals:4 | Received a gift from Okawaru
 32580 | Shoals:4 | HP: 5/172 [satyr/arrow (17)]
 32580 | Shoals:4 | Mangled by a minotaur

Illustrated notes

Levels and vault maps discovered:
D:1:      lightli_arrival_maybe_door_vault, layout_loops_ring,
          serial_co_window_serial, co_window_corner_a, co_window_corner_a,
          co_window_paths_a, co_window_corner_a, co_window_corner_a,
          co_window_corner_a, co_window_cross_2, co_window_of_opportunity_b,
          co_window_corner_b, co_window_2corner, co_window_of_opportunity_b,
          co_window_broadway_b, co_window_corner_b, glass_columns_b,
          glass_columns_a, glass_columns_b, glass_columns_b, glass_columns_a,
          hex_tiny
D:2:      layout_basic, basic_altar, nicolae_ecumenical_pavilion, minivault_11
D:3:      layout_loops_ring, serial_park_tiny_1, lemuel_old_faithful,
          uniq_crazy_yiuf_cottage
D:4:      cheibrodos_barr_body, layout_rooms, kiku_gazebo_garden_becter,
          okawaru_trees_2
D:5:      layout_basic, grunt_temple_overflow_open, serial_bayou_pond_e
D:6:      layout_cave_pods, serial_column_ruins, column_ruins_columns_straight,
          column_ruins_corridor_straight, column_ruins_columns_corner,
          column_ruins_open_tiny, column_ruins_open_small_water,
          column_ruins_columns_dead_end, column_ruins_open_large, uniq_sigmund
D:7:      layout_gridville, minmay_temple_entry_wispy, enter_bailey_8,
          minmay_misc_feat_ornament, grunt_decor_mini_mirrors,
          grunt_ministairs_4, grunt_decor_resistance, kennysheep_small_circle
D:8:      layout_basic, grunt_lair_entry_orc_guard_hut
D:9:      gammafunk_beogh_shrine, layout_layer_cave,
          mainiacjoe_overflow_surrounded_room, general_overflow_altar,
          elyvilon_altar_1, chequers_arboretum, minmay_fire_ice_demons
D:10:     layout_stronghold, serial_column_ruins, column_ruins_columns_water,
          column_ruins_open_tiny, column_ruins_corridor_dead_end,
          column_ruins_grid_3, nicolae_zen_rock_garden, patterned_corridor
D:11:     layout_roguey, erik_orc_1, ebering_ghost_rock_garden, minivault_25,
          statue_in_the_mist_lemuel,
          nicolae_gozag_cash_rules_everything_around_me, uniq_erica
D:12:     layout_layer_cave, portal_ice_cave_demonic_guard, ebering_ghost_xom,
          enter_trove_2, hangedman_stone_soup
D:13:     layout_loops_corners, hangedman_vaults_entry_quadrant_bands,
          serial_shops, nicolae_lakefront_shop
D:14:     layout_long_grid, hangedman_decor_diamond_cutter
D:15:     grunt_enter_depths_magical_seal, layout_basic, minmay_splitting_lines,
          grunt_potential
Lair:1:   layout_regular_city, serial_rivers, chequers_serial_rivers_room_a,
          chequers_serial_rivers_micro_e, chequers_serial_rivers_micro_a,
          chequers_serial_rivers_room_b, chequers_serial_rivers_micro_d,
          st_stairs_4, uniq_urug
Lair:2:   wad_woods_minihive, layout_chaotic_city
Lair:3:   layout_misc_corridors, elwin_shoals_entry_rooms,
          guppyfry_snake_entry_garden
Lair:4:   minmay_lair_oklob_tunnel, layout_long_grid
Lair:5:   gammafunk_cloud_chamber, layout_gridlike, gauntlet_entry_generic,
          pf_torpor_hydra, lemuel_fruit_tree, grunt_megastairs_2,
          infiniplex_staircase_pool, serial_bayou_shore_b, uniq_nessos
Lair:6:   cheibrodos_lair_end_hotspot, layout_regular_city, slime_altar_2
Shoals:1: layout_shoals, nicolae_shoals_lost_giant_hut,
          regret_index_shoals_crete, uniq_roxanne, uniq_aizul, uniq_donald
Shoals:2: layout_shoals
Shoals:3: layout_shoals
Shoals:4: shoals_end_hellmonk_lost_city

Skill      XL: |  1  2  3  4  5  6  7  8  9 10 11 12 13 14 15 16 17 |
---------------+----------------------------------------------------+-----
Fighting       | 4 5 6 8 10 12 13 15 17 18 20 | 20.6
Armour         | 4 5 6 7 8 9 11 13 14 16 | 16.2
Shields        | 4 5 6 8 9 12 14 15 | 15.0
Axes           | 3 4 5 7 9 11 13 14 16 17 18 19 21 | 21.2
Dodging        | 1 2 3 5 6 7 8 9 |  9.5
Stealth        | 1 2 3 4 |  4.3
Evocations     | 1 2 3 |  3.1
Long Blades    | 2 3 4 |  4.0
Invocations    | |  0.4

Action                   |  1- 3 |  4- 6 |  7- 9 | 10-12 | 13-15 | 16-18 || total
-------------------------+-------+-------+-------+-------+-------+-------++-------
Melee: War axe           |    84 |   117 |   219 |   475 |   869 |   379 ||  2143
       Headbutt          |    13 |    27 |    59 |   116 |   241 |   108 ||   564
       Scimitar          |       |       |       |     3 |    35 |       ||    38
Invok: Heroism           |       |       |       |     2 |     2 |       ||     4
Evoke: Wand              |       |       |       |    11 |    12 |    14 ||    37
  Use: Scroll            |       |       |    14 |     9 |    12 |       ||    35
       Potion            |       |       |     1 |       |     5 |       ||     6
 Stab: Paralysed         |       |       |       |       |     5 |       ||     5
Armor: Scale mail        |    32 |     4 |       |       |       |       ||    36
       Ring mail         |       |    40 |    75 |   109 |       |       ||   224
       Plate armour      |       |       |       |    23 |   399 |   180 ||   602
Dodge: Dodged            |    43 |    68 |   101 |   153 |   245 |   205 ||   815
Block: Buckler           |    16 |    29 |    73 |   103 |       |       ||   221
       Reflection        |       |       |     4 |    10 |    53 |    70 ||   137
       Kite shield       |       |       |       |   180 |   710 |   406 ||  1296
